 Dungeon Crawl Stone Soup version 0.30-a0-457-g4b7bca3bfa (webtiles) character file.

Game seed: 11173503326841283336

32 Nedwor the Cutter (level 3, 0/28 HPs)
             Began as a Demonspawn Gladiator on Dec 13, 2022.
             Slain by Jessica
             ... wielding a +0 dagger of protection
              (5 damage)
             ... on level 2 of the Dungeon.
             The game lasted 00:01:04 (1244 turns).

Nedwor the Cutter (Demonspawn Gladiator)            Turns: 1244, Time: 00:01:05

Health: 0/28       AC:  9    Str: 16    XL:     3   Next: 8%
Magic:  3/3        EV: 10    Int:  9    God:
Gold:   96         SH:  0    Dex: 14    Spells: 2/2 levels left

rFire   + + .      SeeInvis .    a - +0 rapier
rCold   x . .      Faith    .    (no shield)
rNeg    . . .      Spirit   .    j - +0 fire dragon scales
rPois   .          Reflect  .    c - +0 helmet
rElec   .          Harm     .    (no cloak)
rCorr   .          Rampage  .    (no gloves)
Will    .....                    (no boots)
Stlth   ..........               (no amulet)
HPRegen 0.24/turn                (no ring)
MPRegen 0.08/turn                (no ring)

@: no status effects
A: demonic magic 1
a: no special abilities


You were on level 2 of the Dungeon.
You visited 1 branch of the dungeon, and saw 2 of its levels.

You collected 96 gold pieces.

Inventory:

Hand Weapons
 a - a +0 rapier (weapon)
Missiles
 d - 3 throwing nets (quivered)
 e - a javelin
 i - 6 silver javelins
Armour
 c - a +0 helmet (worn)
 j - +0 fire dragon scales (worn)
Scrolls
 b - a scroll of noise {unknown}
 f - a scroll of enchant armour {unknown}
 g - a scroll of teleportation {unknown}
 h - a scroll of fog {unknown}
 l - a scroll of amnesia {unknown}
 m - 2 scrolls of brand weapon {unknown}
Potions
 k - a potion of curing {unknown}


   Skills:
 + Level 2.3 Fighting
 * Level 3.2 Short Blades
 - Level 1.7 Throwing
 + Level 0.8 Armour
 + Level 2.9 Dodging


You had 2 spell levels left.
You didn't know any spells.
Your spell library was empty.

Dungeon Overview and Level Annotations

Branches:
Dungeon (2/15)

Altars:
Hepliaklqana

Annotations:
D:2 Jessica


Innate Abilities, Weirdness & Mutations

Spells you cast may paralyse adjacent enemies.


Message History

Jessica blinks!
The hobgoblin hits you.
You hit the hobgoblin.
You kill the hobgoblin!
Jessica hits you but does no damage. Jessica closely misses you.
The quokka closely misses you.
You barely miss Jessica.
Jessica is lightly wounded.
Jessica hits you but does no damage. The quokka bites you.
* * * LOW HITPOINT WARNING * * *
You hit the quokka but do no damage.
Jessica hits you with a +0 dagger of protection.
* * * LOW HITPOINT WARNING * * *
The quokka bites you.
* * * LOW HITPOINT WARNING * * *
Jessica hits you but does no damage.
You hit Jessica but do no damage.
Jessica casts a spell.
Jessica blinks!
The quokka bites you but does no damage.
You barely miss the quokka.
The quokka bites you but does no damage. x2
The quokka attacks as you move away! The quokka misses you.
Jessica gestures wildly.
Jessica gestures at you while chanting.
You barely resist. You puncture the quokka!
You kill the quokka!
You hit Jessica but do no damage. Jessica closely misses you. x2
You barely miss Jessica. Jessica barely misses you.
You completely miss Jessica. Jessica completely misses you.
Jessica hits you but does no damage.
You closely miss Jessica.
Jessica very coldly says, "I hate your company."
Jessica hits you but does no damage.
You closely miss Jessica.
Jessica gestures wildly while chanting.
Jessica blinks!
Jessica hits you with a +0 dagger of protection.
You die...

####### ###########
####...#.######...##.....
#.#.......#.........##.####
#........#.######..........
...#####....# ##...##.###.
##!..##...# #.....#.....
#.....#.§.# ##...######.
#.....††@## ##.## ##.
#.....#.@# #.# #.. .
##.!?##..# #.# #.#
...#####..## ##'## #.#
#.......## ##...## #.#
#.......# ##.....## #.#
#.#####>## ##.......###.#
#.####...####.........##..
............+.........+...


You could see Jessica (fast).

Vanquished Creatures
  A dart slug (D:1)
  5 ball pythons (D:1)
  3 bats (D:1)
  4 endoplasms (D:1)
  2 giant cockroaches (D:1)
  2 goblins (D:1)
  4 hobgoblins
  A kobold (D:2)
  A quokka (D:2)
  A frilled lizard (D:1)
24 creatures vanquished.

Notes
Turn   | Place    | Note
-------+----------+-------------------------------------------
     0 | D:1      | Nedwor the Demonspawn Gladiator began the quest for the
                  | Orb.
     0 | D:1      | Reached XP level 1. HP: 16/16 MP: 1/1
   225 | D:1      | Gained mutation: Spells you cast may paralyse adjacent
                  | enemies. [demonic ancestry]
   225 | D:1      | Reached XP level 2. HP: 20/22 MP: 2/2
   235 | D:1      | Reached skill level 3 in Short Blades
   755 | D:1      | Found a faded altar of an unknown god.
  1000 | D:2      | Reached XP level 3. HP: 20/28 MP: 3/3
  1138 | D:2      | Found a hazy altar of Hepliaklqana.
  1218 | D:2      | Noticed Jessica
  1244 | D:2      | Slain by Jessica

Illustrated notes

Levels and vault maps discovered:
D:1:      minmay_arrival_radiant_lines, layout_basic,
          hellmonk_ecumenical_altar_inner_sanctum, minmay_quantized
D:2:      layout_loops_corners, basic_altar, serial_shops, shop,
          nicolae_concentric_dashed_squares_wild, kennysheep_jessica_study

Skill      XL: |  1  2 |
---------------+-------+-----
Short Blades   | 3 |  3.2
Fighting       | |  2.3
Throwing       | |  1.7
Armour         | |  0.8
Dodging        | |  2.9

Action                   || total
-------------------------++-------
Melee: Rapier            ||    99
Armor: Leather armour    ||    16
       Fire dragon scale ||    22
Dodge: Dodged            ||    86

Table legend: (Time is in decaauts)
 A = Elapsed time spent in this place.
 B = Non-inter-level travel time spent in this place.
 C = Inter-level travel time spent in this place.
 D = Time resting spent in this place.
 E = Time spent auto-exploring this place.
 F = Levels seen in this place.
 G = Mean time per level.
                   A        B        C        D        E       F      G
               +--------+--------+--------+--------+--------+-----+--------+
         Total |   1247 |   1187 |     60 |      0 |    970 |   2 |  623.5 |
       Dungeon |   1247 |   1187 |     60 |      0 |    970 |   2 |  623.5 |
               +--------+--------+--------+--------+--------+-----+--------+

Top non-repeatable levels by time:
     D:1: 986 daAuts
     D:2: 261 daAuts
